Celery, chaotic female sylph Rogue ------- --- ------------------ --- -- |..|..| |.|---|................|--------------|.-- --.--.....-- |.|...|................|)!.|..|...|...|..| |..........| |.|...-..--|--.........|?.?|..|...|...|..| --........-| |.|...|..|...|..-----..|...|..|-|---|--..| ---.......| |.-----..|...|--|...|..--|---|-........d--- -- --.....-- |........|...| |(.)-.............-----@f.| ..| --.|..--- |........|---| |(((|....(.--+-...|...|.uf...-- |--....| |.----...|.((|+------..)(..| |...-(..|E......- --- ---......---.| +...|...|...........).| |...|...|.............- --.--- --............| |...|(..|-+-.....---|-------------.|....>.....-| |....| |.........---.----...--|-| |..-|-|.............................| |-...----.........-|...|........| |..|..|----....--------- ..........-- |......||-.........|...|..#....[----..|.[|%%.-....|.[...)| ---.....-- |......--..--..........|-..(.{........|..|%%.|....)...._(| ....| ----.......||..........--..|....#.....--------....|......| ...-- --......|--.--<.....)...|-.....................|------- ... -----.-- --------------|...-----..---.------.-- ..- --- |.....................| .-- ----------------------- -- Celery the Rogue Experience level: 7 Strength: 14 Dexterity: 20 Constitution: 17 Intelligence: 8 Wisdom: 11 Charisma: 8 Health: 0(65) Energy: 35(35) Def: 0 Gold: 0 Moves: 4866 Dungeon seed: 89lK4BiLCikf0jso Game ID: Celery_1469643375 Your Inventory: Amulets M - an uncursed amulet versus poison (being worn) Weapons a - 5 uncursed +1 daggers k - 13 uncursed +0 daggers (in quiver) G - 5 uncursed +0 elven daggers (wielded) Armor n - an uncursed +0 dwarvish cloak (being worn) Rings X - an uncursed ring of conflict Y - an uncursed ring of stealth Wands h - an uncursed wand of opening (0:3) E - a blessed wand of light (0:14) L - an uncursed wand of opening (1:5) R - an uncursed wand of sleep (0:7) Tools d - an uncursed lock pick f - an uncursed sack g - an uncursed blindfold s - an uncursed bag of holding w - an uncursed tin whistle x - an uncursed wax candle (0:400) F - an uncursed oil lamp (0:1268) H - an uncursed skeleton key Gems e - an uncursed worthless piece of violet glass m - an uncursed jade stone q - 2 uncursed worthless pieces of green glass r - an uncursed worthless piece of yellowish brown glass y - 3 uncursed worthless pieces of yellow glass z - 2 uncursed worthless pieces of blue glass D - an uncursed worthless piece of black glass I - an uncursed turquoise stone O - 2 uncursed worthless pieces of red glass Contents of the bag of holding: 595 gold pieces an uncursed scroll of confuse monster 2 uncursed scrolls of magic mapping an uncursed scroll of remove curse a cursed scroll of teleportation an uncursed potion of acid an uncursed potion of booze an uncursed potion of confusion an uncursed potion of fruit juice a cursed potion of full healing an uncursed potion of gain energy an uncursed potion of gain level an uncursed potion of healing a cursed potion of invisibility an uncursed potion of see invisible 2 uncursed potions of sickness a cursed potion of sleeping an uncursed potion of speed an uncursed potion of water a cursed ring of conflict a cursed ring of polymorph control an uncursed +0 pick-axe Spells and supernatural/magical abilities: Name Level Category Fail Memory p - protection 1 clerical 57% 92% O - create monster 2 clerical 100% 97% W - pray for help -- divine ? -- Your skills at the end: Miscellaneous Skills wands [Basic] Weapon Skills dagger [Skilled] short sword [Basic] Spellcasting Skills healing spells [Basic] Final Attributes: You were piously aligned. You were poison resistant. You saw invisible. You had infravision. You were displaced. You were stealthy. You were protected from shape changers. You are dead. Vanquished creatures: a ghost a large mimic a tengu a leprechaun a giant spider a gnome king an owlbear a dingo a dwarf lord a rock mole a rock piercer a yellow light a violet fungus 10 gnome lords a little dog 3 floating eyes 10 dwarves 2 iguanas a hill orc 6 rothes a rabid rat a giant bat an orc zombie a werejackal 6 killer bees a coyote a gas spore 5 hobbits 3 acid blobs 3 large kobolds 2 geckos 2 giant rats 4 cave spiders 2 brown molds a yellow mold 28 gnomes 10 manes 6 jackals a fox 5 newts 2 goblins 4 sewer rats 8 grid bugs 4 lichens 148 creatures vanquished. Voluntary challenges: You were vegetarian. You used a wielded weapon 150 times, starting on turn 68. You did not apply a unicorn horn. You read items or engraved 13 times, starting on turn 1054. You never genocided any monsters. You never polymorphed an object. You never changed form. You used no wishes. You never split a pudding. You never wrote Elbereth's name. You violated your moral code, losing 1 point of alignment, starting on turn 658. Dungeon overview: The Dungeons of Doom: levels 1 to 4 Level 1 a sink a long staircase Level 2 an altar to Kos Level 3 Level 4 an altar to Issek stairs to The Gnomish Mines The Gnomish Mines: levels 5 to 8 Level 5 stairs to The Dungeons of Doom Level 6 Level 7 Level 8 <- You were here many shops, a temple to Mog, a magic chest, some fountains, some trees History has recorded: On T:1 you entered the Dungeons of Doom to retrieve the Amulet of Yendor! On T:382 you reached level 2 of The Dungeons of Doom. On T:681 you advanced to experience level 2. On T:912 you reached level 3 of The Dungeons of Doom. On T:1325 you advanced to experience level 3. On T:1656 you reached level 4 of The Dungeons of Doom. On T:2142 you advanced to experience level 4. On T:2197 you reached level 1 of The Gnomish Mines. On T:2220 you advanced to experience level 5. On T:3085 you reached level 2 of The Gnomish Mines. On T:3103 you advanced to experience level 6. On T:3598 you reached level 3 of The Gnomish Mines. On T:3735 you advanced to experience level 7. On T:4015 you reached level 4 of The Gnomish Mines. On T:4161 you entered the Minetown temple On T:4189 you opened a magic chest. On T:4199 you opened a magic chest. On T:4205 you opened a magic chest. On T:4206 you opened a magic chest. Score breakdown: Gold: 595 ( 59 points) Experience: 7 levels ( 600 points) Exploration: 8 levels ( 210 points) Discoveries: 15 items ( 750 points) Variety of kills: 44 monsters ( 2000 points) Major goal: reached Minetown ( 500 points) Survival: died (score multiplied by 3) Total score: 12357 Latest messages: You feel that Kos is well-pleased. Your stomach feels content. You displace your housecat. The gray unicorn butts! The gray unicorn kicks! Taco misses the gray unicorn. The gray unicorn misses Taco. (2x) Taco misses the gray unicorn. The gray unicorn butts! The gray unicorn kicks! Taco misses the gray unicorn. The gray unicorn butts! The gray unicorn kicks! You stab the gray unicorn. The gray unicorn butts! The gray unicorn kicks! Taco bites the gray unicorn. The gray unicorn misses Taco. (2x) The gray unicorn butts! The gray unicorn kicks! The gray unicorn butts! The gray unicorn kicks! The housecat misses the gray unicorn. Taco misses the gray unicorn. The gray unicorn butts! You die... Final status: Goodbye Celery the Rogue, killed by a gray unicorn... You died in The Gnomish Mines on dungeon level 8 with 12357 points, and 595 pieces of gold, after 4866 moves. You were level 7 with a maximum of 65 hit points when you died.